 Dungeon Crawl Stone Soup version 0.29-a0-821-g66395355a5 (webtiles) character file.

Game seed: 16002778669448333503

3358 kevlar127 the Grappler (level 9, -6/139 HPs)
             Began as a Troll Berserker on July 7, 2022.
             Was an Elder of Trog.
             Killed from afar by an acid dragon (27 damage)
             ... with a splash of acid
             ... on level 8 of the Dungeon.
             The game lasted 00:14:46 (7420 turns).

kevlar127 the Grappler (Troll Berserker)            Turns: 7420, Time: 00:14:47

Health: -6/139     AC: -3    Str: 31    XL:     9   Next: 73%
Magic:  8/8        EV: 10    Int:  3    God:    Trog [****..]
Gold:   406        SH:  0    Dex: 15    Spells: 8/8 levels left

rFire   + . .      SeeInvis .     - Unarmed
rCold   . . .      Faith    .   (no shield)
rNeg    . . .      Spirit   .   y - +0 steam dragon scales
rPois   .          Reflect  .   (helmet restricted)
rElec   .          Harm     .   x - +0 cloak
rCorr   .          Rampage  .   (gloves unavailable)
Will    .....                   (boots unavailable)
Stlth   ..........              i - amulet of the acrobat
HPRegen 1.13/turn               b - +6 ring of dexterity
MPRegen 0.11/turn               m - ring of protection from fire

@: berserking, corroded, very quick
A: large, unfitting armour, claws 3, regeneration 1, shaggy fur 1, tough skin 1
a: Renounce Religion, Berserk, Trog's Hand, Brothers in Arms


You were on level 8 of the Dungeon.
You worshipped Trog.
Trog was greatly pleased with you.
You visited 1 branch of the dungeon, and saw 8 of its levels.

You collected 566 gold pieces.
You spent 160 gold pieces at shops.

Inventory:

Missiles
 k - 9 poisoned darts (quivered)
 l - 64 stones
 v - 9 boomerangs
 w - a throwing net
 z - a curare-tipped dart
Armour
 x - a +0 cloak (worn)
 y - +0 steam dragon scales (worn)
Jewellery
 a - a ring of positive energy
 b - a +6 ring of dexterity (left claw)
 i - an amulet of the acrobat (around neck)
 m - a ring of protection from fire (right claw)
Wands
 A - a wand of charming (12)
 D - a wand of roots (7)
Scrolls
 d - 9 scrolls of teleportation
 e - 3 scrolls of vulnerability
 g - 2 scrolls of immolation {unknown}
 j - 4 scrolls of magic mapping {unknown}
 n - 2 scrolls of enchant weapon {unknown}
 p - 9 scrolls of identify
 q - 2 scrolls of amnesia
 r - 3 scrolls of fog {unknown}
 B - a scroll of enchant armour {unknown}
 C - a scroll of blinking {unknown}
Potions
 c - 4 potions of heal wounds {unknown}
 f - 2 potions of resistance {unknown}
 h - a potion of might {unknown}
 o - a potion of ambrosia {unknown}
 s - 4 potions of curing {unknown}
 t - 2 potions of brilliance {unknown}
 u - 2 potions of attraction {unknown}


   Skills:
 + Level 7.1 Fighting
 - Level 5.0 Throwing
 - Level 3.0 Armour
 - Level 3.0 Dodging
 + Level 8.6 Unarmed Combat
 + Level 2.5 Evocations


You had 8 spell levels left.
You didn't know any spells.
Your spell library was empty.

Dungeon Overview and Level Annotations

Branches:
Dungeon (8/15)             Temple (0/1) D:7
   Lair: D:8-11

Altars:
Ashenzari
Kikubaaqudgha
Qazlal
Vehumet
Yredelemnul

Shops:
D:1 ?[(   D:5 :


Innate Abilities, Weirdness & Mutations

You are too large for most types of armour.
You have claws for hands.
Your natural rate of healing is unusually fast.
You are covered in fur. (AC +1)
You have tough skin. (AC +1)


Message History

The acid dragon closely misses you.
The acid dragon claws you but does no damage.
The acid dragon roars!
You claw the acid dragon!
The acid dragon is moderately wounded.
The acid dragon closely misses you.
The acid dragon claws you but does no damage.
The acid dragon spits acid at you. The splash of acid hits you!!
The acid corrodes you!
You hear an angry growl.
You hear a croak.
You closely miss the acid dragon.
The acid dragon is moderately wounded.
The acid dragon bites you. The acid dragon closely misses you.
You barely miss the acid dragon.
The acid dragon is moderately wounded.
You scratch the acid dragon but do no damage.
The acid dragon is moderately wounded.
The acid dragon bites you! The acid dragon claws you.
The acid dragon spits acid at you. The splash of acid hits you!
The acid corrodes you!
You hear a shout!
Unknown command.
You closely miss the acid dragon.
The acid dragon is moderately wounded.
The acid dragon bites you. The acid dragon claws you.
You scratch the acid dragon but do no damage.
The acid dragon is moderately wounded.
The acid dragon spits acid at you. The splash of acid hits you!
* * * LOW HITPOINT WARNING * * *
A black bear comes into view.
The acid dragon bites you.
* * * LOW HITPOINT WARNING * * *
The acid dragon barely misses you.
You hear an angry hiss.
A red film seems to cover your vision as you go berserk!
You feel yourself moving faster!
You feel mighty! The acid dragon spits acid at you.
The splash of acid hits you!!
You die...

#....#......#...#
#......P........
#......##.... #
.###.....†..# .#
..P.P...††..# ..#
#.###.......##..#
...........<..>#
####..........##
##..@.......#
#..#D.........
#..#..........#
#........D......
###.##........./
#. #.......... ##
...... ....h.


You could see a black bear and 2 acid dragons.

Vanquished Creatures
  Pikel (D:3)
  A hornet (D:8)
  Prince Ribbit (D:6)
  A steam dragon (D:6)
  Duvessa (D:6)
  A water moccasin (D:4)
  An orc warrior (D:7)
  An ice beast (D:6)
  A sky beast (D:7)
  A lemure (D:4)
  An ogre (D:5)
  2 centaurs
  A phantom (D:6)
  A necrophage (D:4)
  3 bullfrogs
  5 wights (D:7)
  Dowan (D:6)
  3 howler monkeys
  6 hounds
  4 jellies
  4 orc priests (D:7)
  A gnoll bouda (D:5)
  3 iguanas
  2 orc wizards (D:6)
  8 gnolls
  10 adders
  3 worms
  A dart slug (D:2)
  23 orcs
  4 ball pythons
  6 endoplasms
  3 giant cockroaches
  11 goblins
  8 hobgoblins
  3 jackals (D:1)
  4 quokkas
  7 bats
  4 frilled lizards (D:1)
  15 kobolds
  7 rats
164 creatures vanquished.

Vanquished Creatures (others)
  A kobold brigand (D:6)
  An orc (D:6)
  A kobold (D:6)
  25 fungi
  23 plants
51 creatures vanquished.

Grand Total: 215 creatures vanquished

Notes
Turn   | Place    | Note
-------+----------+-------------------------------------------
     0 | D:1      | kevlar127 the Troll Berserker began the quest for the Orb.
     0 | D:1      | Reached XP level 1. HP: 22/22 MP: 0/0
    50 | D:1      | Reached XP level 2. HP: 29/29 MP: 1/1
   111 | D:1      | Reached XP level 3. HP: 36/36 MP: 2/2
   252 | D:1      | Found Kuebom's Armour Shoppe.
   263 | D:1      | Found Ytozil's Antique Weapon Emporium.
   275 | D:1      | Found Qocryer's Magic Scroll Emporium.
   606 | D:1      | Found a faded altar of an unknown god.
   804 | D:2      | Identified the +6 mace "Eviscerator" {venom, rN+ rCorr}
  1020 | D:2      | Reached ** piety under Trog
  1021 | D:2      | Reached XP level 4. HP: 45/45 MP: 3/3
  1150 | D:2      | Reached skill level 4 in Unarmed Combat
  1914 | D:3      | Reached XP level 5. HP: 53/53 MP: 4/4
  2700 | D:4      | Noticed a lemure
  2700 | D:4      | Noticed a lemure
  2702 | D:4      | Noticed a lemure
  2704 | D:4      | Noticed Pikel
  2707 | D:4      | Killed a lemure
  2707 | D:4      | Noticed a lemure
  2719 | D:3      | Killed Pikel
  2720 | D:3      | Reached skill level 5 in Unarmed Combat
  2720 | D:3      | Reached XP level 6. HP: 53/63 MP: 5/5
  2720 | D:3      | Reached XP level 7. HP: 60/71 MP: 6/6
  3264 | D:4      | Reached skill level 6 in Unarmed Combat
  3582 | D:4      | Found a stormy altar of Qazlal.
  3587 | D:4      | Found a broken altar of Ashenzari.
  3658 | D:4      | Reached skill level 5 in Fighting
  4066 | D:1      | Bought a scroll of vulnerability for 75 gold pieces
  4066 | D:1      | Bought a scroll of teleportation for 30 gold pieces
  4066 | D:1      | Bought a scroll of amnesia for 35 gold pieces
  4066 | D:1      | Bought a scroll of identify for 20 gold pieces
  4183 | D:5      | Entered Level 5 of the Dungeon
  4304 | D:5      | Found a radiant altar of Vehumet.
  4337 | D:5      | Found Ynoja's Book Shoppe.
  4362 | D:5      | Reached *** piety under Trog
  4363 | D:5      | Reached XP level 8. HP: 69/80 MP: 7/7
  5762 | D:6      | Reached skill level 7 in Unarmed Combat
  5840 | D:6      | Reached skill level 1 in Armour
  5842 | D:6      | Found a basalt altar of Yredelemnul.
  5899 | D:6      | Noticed Prince Ribbit
  5912 | D:6      | Killed Prince Ribbit
  5913 | D:6      | Reached skill level 5 in Throwing
  5916 | D:6      | Noticed Dowan
  5942 | D:6      | Killed Dowan
  5947 | D:6      | Reached XP level 9. HP: 88/89 MP: 8/8
  5966 | D:6      | Reached **** piety under Trog
  5978 | D:6      | Noticed Duvessa
  5990 | D:6      | Killed Duvessa
  6619 | D:7      | Reached skill level 1 in Evocations
  6622 | D:7      | Reached skill level 8 in Unarmed Combat
  7157 | D:7      | Found a staircase to the Ecumenical Temple.
  7374 | D:8      | Found an ancient bone altar of Kikubaaqudgha.
  7420 | D:8      | Killed from afar by an acid dragon

Illustrated notes

Levels and vault maps discovered:
D:1:      shiori_arrival_whats_in_store_for_you, layout_basic,
          shapermc_ecumenical_altar_petra, serial_shops, shop,
          nicolae_shop_hallway_plus, shop, kennysheep_another_room,
          amcnicky_mini_pool_small, minmay_unequal
D:2:      layout_basic
D:3:      corexii_shack_village, layout_loops_corners, serial_forest,
          infiniplex_forest_clump_curved, infiniplex_forest_straight_2,
          infiniplex_forest_zigzag_1, infiniplex_forest_clump_C,
          infiniplex_forest_lined_3, minmay_misc_feat_roman,
          chequers_serial_rivers_room_b, kennysheep_generic_room_4
D:4:      layout_cave_pods, mainiacjoe_overflow_catwalk_spiral, uniq_pikel
D:5:      layout_layer_cave, nicolae_vehumet_altar_sigil, serial_shops,
          nicolae_shop_hallway_plus, minmay_misc_feat_room
D:6:      layout_rooms, amcnicky_altar_gilded, serial_aquarium,
          aquarium_bridge_straight [aquarium_subvault_bridge,
          aquarium_subvault_balcony, aquarium_subvault_bridge,
          aquarium_subvault_wall], aquarium_window_3, aquarium_window_2,
          aquarium_window_1, aquarium_view_2c, hangedman_decor_peaks_small,
          grunt_ministairs_13, uniq_prince_ribbit1, uniq_duvessa
D:7:      layout_basic, minmay_temple_entry_nine_rooms, david_defended_altar_orc
D:8:      layout_cave_pools, kiku_gazebo_garden_becter, lemuel_doored_altar,
          due_lair_maze_entry_diamond, chequers_ossuary_entry_cave,
          minmay_hedge_maze

Skill      XL: |  1  2  3  4  5  6  7  8  9 |
---------------+----------------------------+-----
Fighting       | 3 4 5 6 7 |  7.1
Dodging        | 3 |  3.0
Unarmed Combat | 4 5 6 7 8 |  8.6
Throwing       | 2 3 5 |  5.0
Armour         | 2 3 |  3.0
Evocations     | 2 |  2.5

Action                   |  1- 3 |  4- 6 |  7- 9 || total
-------------------------+-------+-------+-------++-------
Melee: Unarmed           |    83 |    94 |   257 ||   434
       Punch             |       |     1 |     8 ||     9
Invok: Trog's Hand       |       |     1 |     2 ||     3
       Berserk           |       |     1 |     4 ||     5
 Stab: Sleeping          |       |     3 |     4 ||     7
       Distracted        |       |     1 |     1 ||     2
Armor: Animal skin       |    22 |    23 |    25 ||    70
       Steam dragon scal |       |       |    38 ||    38
Dodge: Dodged            |    38 |    51 |   147 ||   236

Table legend: (Time is in decaauts)
 A = Elapsed time spent in this place.
 B = Non-inter-level travel time spent in this place.
 C = Inter-level travel time spent in this place.
 D = Time resting spent in this place.
 E = Time spent auto-exploring this place.
 F = Levels seen in this place.
 G = Mean time per level.
                   A        B        C        D        E       F      G
               +--------+--------+--------+--------+--------+-----+--------+
         Total |   7415 |   6901 |    514 |    756 |   5204 |   8 |  926.9 |
       Dungeon |   7415 |   6901 |    514 |    756 |   5204 |   8 |  926.9 |
               +--------+--------+--------+--------+--------+-----+--------+

Top non-repeatable levels by time:
     D:5: 1477 daAuts
     D:3: 1251 daAuts
     D:4: 1203 daAuts
     D:2: 922 daAuts
     D:6: 894 daAuts
     D:7: 816 daAuts
     D:1: 804 daAuts
     D:8: 46 daAuts
